Map: Proxima Station LE

Players

thermy (uThermal) - Winner!

  • Race: Terran Terran
  • Spawn Location: 1:00

MaSa

  • Race: Terran Terran
  • Spawn Location: 7:00

Event: WCS Valencia 2017

VOD

Have the link to the VOD?

Description

Time

  • Played on: July 13, 2017, 12:55 p.m.
  • Length: 11:05

All games in this series

Show
View Real Time Build Order
Export as new Build Order

thermy Terran - Winner!

Build Orders: MMM Bio 

Get SALT Encoding   

  12  0:01  SCV  
  13  0:13  SCV  
  14  0:19  Supply Depot  
  14  0:26  SCV  
  14  0:28  Refinery  
  15  0:40  SCV  
  16  0:45  Barracks  
  16  0:52  SCV  
  17  1:04  SCV  
  18  1:16  SCV  
  19  1:32  Orbital Command, Reaper  
  20  1:47  Command Center  
  20  2:00  Factory  
  20  2:01  SCV  
  20  2:06  Barracks Reactor  
  21  2:13  SCV  
  22  2:20  Supply Depot  
  22  2:21  Refinery  
  22  2:26  SCV  
  23  2:42  SCV, Marine x2  
  26  2:46  Starport  
  26  2:50  Widow Mine  
  28  2:54  SCV  
  29  3:00  Orbital Command  
  29  3:01  Marine  
  30  3:06  SCV  
  30  3:08  Marine  
  32  3:18  SCV  
  33  3:23  Medivac  
  33  3:25  Marine x2  
  37  3:27  SCV, Factory Tech Lab  
  38  3:37  SCV  
  39  3:42  SCV  
  39  3:43  Marine  
  39  3:47  Siege Tank  
  44  3:52  SCV, Supply Depot  
  44  3:54  SCV  
  46  3:58  Supply Depot  
  46  4:14  Marine x2, SCV, Viking  
  46  4:16  SCV  
  52  4:22  Command Center  
  52  4:26  SCV  
  52  4:28  SCV  
  52  4:38  SCV  
  52  4:40  SCV  
  54  4:47  Factory Reactor  
  54  4:50  SCV  
  54  4:51  Barracks  
  54  4:52  SCV, Barracks  
  56  4:53  Engineering Bay  
  56  4:54  Marine  
  56  4:56  Engineering Bay  
  56  4:57  Stimpack  
  56  5:02  SCV  
  56  5:05  SCV  
  55  5:13  Marine  
  53  5:14  SCV  
  53  5:18  SCV  
  55  5:21  Starport Reactor  
  55  5:24  Missile Turret  
  55  5:25  Missile Turret  
  55  5:27  SCV  
  56  5:30  SCV  
  56  5:31  Missile Turret  
  56  5:35  Refinery x2  
  56  5:36  Orbital Command  
  56  5:41  SCV  
  57  5:43  SCV  
  57  5:46  Factory Tech Lab  
  57  5:53  SCV  
  57  5:54  Marine x2  
  57  5:55  Terran Infantry Weapons Level 1  
  59  5:57  SCV  
  59  5:58  Marine  
  59  6:03  Terran Infantry Armor Level 1  
  60  6:04  Marine  
  60  6:06  Siege Tank  
  60  6:09  Orbital Command  
  61  6:13  SCV  
  61  6:14  SCV  
  62  6:21  Marine x2  
  62  6:24  Supply Depot  
  62  6:25  SCV, Medivac  
  67  6:26  SCV  
  65  6:35  SCV  
  65  6:37  SCV  
  65  6:39  SCV  
  68  6:43  Marine  
  68  6:47  Marine, SCV  
  69  6:48  Siege Tank  
  69  6:49  Supply Depot  
  74  6:55  Armory  
  74  6:59  SCV, Missile Turret  
  74  7:00  Combat Shields  
  75  7:02  Marine  
  75  7:07  SCV  
  74  7:09  SCV  
  74  7:11  SCV  
  74  7:14  Medivac  
  78  7:19  Marine, SCV  
  78  7:21  SCV  
  78  7:22  Marine  
  82  7:23  Marine, SCV  
  82  7:26  Medivac  
  82  7:29  Marine  
  87  7:31  SCV  
  87  7:33  SCV, Supply Depot  
  87  7:35  Marine  
  89  7:44  Barracks  
  89  7:45  SCV  
  89  7:46  Barracks  
  89  7:47  SCV  
  89  7:50  SCV  
  92  7:55  Terran Infantry Weapons Level 2  
  92  7:57  SCV  
  93  7:59  Terran Vehicle Weapons Level 1  
  93  8:00  SCV  
  93  8:02  Terran Infantry Armor Level 2, SCV  
  95  8:09  Marine, SCV  
  95  8:12  SCV  
  93  8:14  SCV, Supply Depot  
  93  8:16  Medivac, Supply Depot  
  93  8:17  Medivac  
  93  8:18  Marine  
  99  8:20  Marine  
  99  8:21  SCV  
  99  8:26  Sensor Tower  
  101  8:27  Refinery  
  101  8:30  Supply Depot  
  101  8:34  Barracks Reactor  
  101  8:35  Barracks Reactor  
  101  8:36  Marine x4  
  101  8:38  Marine  
  106  8:44  Siege Tank  
  109  8:50  Factory  
  109  8:51  Supply Depot  
  109  8:52  Supply Depot  
  109  8:53  Marine x3  
  109  8:54  Marine  
  113  8:56  Marine  
  113  8:57  Medivac  
  113  9:01  Supply Depot  
  116  9:10  Supply Depot  
  116  9:11  Marine x4  
  116  9:12  Marine x2  
  116  9:14  Marine  
  116  9:15  Marine x2  
  125  9:24  Supply Depot  
  125  9:26  Supply Depot  
  125  9:29  Marine x5  
  125  9:30  Marine  
  127  9:31  Marine  
  127  9:32  Medivac  
  127  9:33  Marine x2  
  127  9:38  Siege Tank  
  114  9:46  Marine  
  114  9:47  Marine x5, Factory Tech Lab  
  114  9:49  Marine  
  114  9:50  Marine  
  114  9:51  Marine  
  123  9:58  Medivac  
  123  9:59  Command Center  
  125  10:02  Medivac  
  125  10:04  Marine  
  125  10:05  Marine x3  
  125  10:07  Marine x2  
  131  10:08  Siege Tank  
  131  10:09  Marine x2  
  131  10:10  Siege Tank  
  141  10:16  Marine  
  142  10:22  Marine x3, Supply Depot  
  142  10:23  Marine  
  142  10:24  Marine  
  142  10:25  Marine  
  142  10:28  Marine  
  148  10:32  Marine  
  148  10:34  Marine  
  148  10:40  Marine x4  
  150  10:45  Marine  
  150  10:46  Marine x2  
Show
View Real Time Build Order
Export as new Build Order

MaSa Terran 

Build Orders: Reaper Expand, Bio Tank, Banshee Rush 

Get SALT Encoding   

  12  0:00  SCV  
  13  0:12  SCV  
  14  0:17  Supply Depot  
  14  0:25  SCV  
  14  0:27  Refinery  
  15  0:39  SCV  
  16  0:44  Barracks  
  16  0:51  SCV  
  17  1:03  SCV  
  18  1:15  SCV  
  19  1:32  Orbital Command, Reaper  
  20  1:45  Command Center  
  20  1:58  Factory  
  20  2:00  SCV  
  21  2:05  Refinery  
  21  2:09  Marine  
  22  2:18  Supply Depot  
  22  2:19  SCV  
  23  2:33  Barracks Tech Lab  
  23  2:40  SCV  
  24  2:52  Hellion, SCV  
  24  2:53  Starport  
  27  2:58  Orbital Command  
  27  3:03  Marine  
  27  3:04  SCV  
  29  3:13  Cyclone  
  29  3:16  SCV  
  33  3:27  SCV  
  33  3:28  SCV  
  33  3:29  Banshee, Cloaking Field  
  38  3:39  SCV  
  38  3:40  Supply Depot  
  39  3:47  SCV  
  40  3:48  Barracks Reactor  
  40  3:51  SCV  
  41  3:56  Supply Depot  
  41  3:57  Cyclone  
  41  3:59  SCV  
  45  4:03  SCV  
  46  4:11  SCV  
  46  4:14  Banshee  
  46  4:15  SCV  
  51  4:20  Command Center  
  51  4:24  SCV  
  52  4:25  Marine x2  
  52  4:27  SCV  
  55  4:38  SCV  
  56  4:43  Marine x2  
  56  4:44  SCV  
  58  4:48  Factory Tech Lab  
  58  4:50  SCV  
  59  4:56  SCV  
  59  4:57  Supply Depot  
  60  5:07  SCV  
  60  5:08  Engineering Bay  
  60  5:09  SCV, Engineering Bay  
  60  5:13  Banshee  
  62  5:20  Supply Depot  
  64  5:23  SCV  
  63  5:31  SCV  
  63  5:35  Orbital Command  
  64  5:36  Barracks Tech Lab  
  64  5:37  Barracks  
  64  5:38  SCV, Terran Infantry Weapons Level 1  
  65  5:43  Refinery  
  65  5:46  Terran Infantry Armor Level 1  
  65  5:48  Refinery  
  65  5:49  SCV  
  66  5:51  SCV  
  67  5:57  Marine  
  67  5:58  Stimpack  
  67  6:01  SCV  
  67  6:03  SCV x2  
  71  6:11  Starport Reactor  
  71  6:14  SCV  
  71  6:15  Marine, Barracks x2, SCV  
  74  6:20  SCV  
  74  6:23  Barracks  
  75  6:26  Marine x2, SCV  
  75  6:27  SCV  
  75  6:32  Supply Depot  
  76  6:33  Marine  
  76  6:34  Siege Tank  
  76  6:36  SCV  
  81  6:42  Orbital Command  
  81  6:44  Marine x2  
  81  6:45  SCV  
  83  6:50  SCV  
  83  6:51  Marine  
  83  6:57  SCV  
  83  6:58  Supply Depot  
  83  6:59  Supply Depot  
  84  7:01  Armory  
  84  7:02  Marine x2, SCV  
  84  7:08  SCV, Marine  
  85  7:09  SCV  
  85  7:10  Barracks Reactor x2  
  85  7:11  Medivac  
  85  7:12  Barracks Reactor, Medivac  
  85  7:15  SCV  
  92  7:17  Siege Tank  
  92  7:19  Marine  
  92  7:20  Marine, SCV  
  98  7:25  SCV, Missile Turret  
  98  7:26  Marine  
  98  7:27  Refinery  
  98  7:28  Refinery  
  100  7:32  Factory  
  100  7:33  SCV x2  
  102  7:37  Marine x2  
  102  7:40  Supply Depot  
  102  7:42  Supply Depot  
  104  7:44  Marine  
  104  7:50  Siege Tank  
  108  7:54  Medivac  
  108  7:55  Marine x2, SCV x2  
  108  7:56  Marine x4  
  116  7:59  Combat Shields  
  116  8:02  Marine  
  117  8:06  Terran Infantry Weapons Level 2  
  117  8:12  Marine x2  
  115  8:13  Marine x4  
  115  8:16  Marine x2  
  121  8:20  Marine  
  121  8:21  Siege Tank, Sensor Tower  
  125  8:27  Command Center  
  125  8:29  Marine  
  125  8:30  Marine, Supply Depot x2  
  125  8:31  Marine x4  
  131  8:35  Terran Infantry Armor Level 2  
  131  8:36  Marine x2  
  133  8:43  Supply Depot  
  133  8:44  Supply Depot  
  133  8:51  Marine x6  
  133  8:53  Marine  
  133  8:54  Marine  
  133  8:55  Supply Depot x2  
  141  8:56  Supply Depot  
  141  8:58  Supply Depot  
  141  8:59  Siege Tank  
  144  9:03  Marine  
  144  9:05  Siege Tank  
  144  9:09  Marine  
  149  9:19  Marine x7  
  149  9:20  Marine  
  146  9:26  Marine  
  146  9:28  Orbital Command  
  135  9:31  Siege Tank  
  135  9:37  Siege Tank, Marine x7  
  124  9:48  Marine x2  
  124  9:51  Planetary Fortress  
  126  9:55  Marine x2  
  126  9:56  SCV x2  
  126  9:59  SCV  
  129  10:03  Siege Tank, Marine x4  
  136  10:07  Marine  
  136  10:08  SCV  
  136  10:09  SCV  
  136  10:12  SCV  
  140  10:17  Missile Turret  
  140  10:21  SCV x2  
  142  10:22  Marine x3  
  142  10:23  Marine, Refinery  
  142  10:24  SCV  
  142  10:27  Marine x2  
  144  10:32  Medivac  
  144  10:33  SCV  
  146  10:41  SCV  
  140  10:43  SCV  
  140  10:44  SCV  
  135  10:51  SCV  
  135  10:53  SCV  
Tags
 
Add a new tag
Caveats
  • Supply blocks, unpowered buildings, or Contaminate may cause inaccurate times.
  • Supply counts are checked every 10 seconds.